 Dungeon Crawl Stone Soup version 0.24-a0-91-g4e4936a (webtiles) character file.

Game seed: 14710968856990091997

616647 Gorice the Phalangite (level 27, -5/230 HPs)
             Began as a Merfolk Gladiator on Feb 2, 2019.
             Was the Champion of the Shining One.
             Splashed with acid (8 damage)
             ... on level 3 of the Pits of Slime on Feb 8, 2019.
             The game lasted 06:29:44 (74652 turns).

Gorice the Phalangite (Merfolk Gladiator)          Turns: 74652, Time: 06:29:45

Health: -5/230     AC: 42    Str: 23    XL:     27
Magic:  20/38      EV: 19    Int: 21    God:    the Shining One [******]
Gold:   5514       SH:  0    Dex: 22    Spells: 27/48 levels left

rFire    . . .     SeeInvis .   a - +6 bardiche "Uwael" {chop, +Fly Dex+2}
rCold    + + +     Gourm    .   (shield currently unavailable)
rNeg     + + +     Faith    +   L - +6 plate armour of a bailey {rElec rC++}
rPois    +         Spirit   .   V - +2 helmet {Int+3}
rElec    +         Reflect  .   s - +2 cloak
rCorr    +         Harm     .   Y - +0 pair of gloves of Runwuos {rC++ Dex+5}
MR       ++...                  h - +2 pair of boots {Stlth+}
Stlth    ..........             y - amulet "Roz Itic" {Faith rElec rPois}
HPRegen  0.00/turn              C - ring of resist corrosion
MPRegen  0.26/turn              P - ring "Moinenwe" {rPois AC+5 Str+2 Int+6}

@: glowing
A: change form in water, swift swim, stealthy swim, blurry vision 1, inhibited
regeneration, weak 1
}: 4/15 runes: decaying, serpentine, silver, abyssal
a: Divine Shield, Cleansing Flame, Summon Divine Warrior, Brand Weapon With Holy
Wrath, Renounce Religion, Evoke Flight


You were on level 3 of the Pits of Slime.
You worshipped the Shining One.
The Shining One was exalted by your worship.
You were not hungry.

You visited 11 branches of the dungeon, and saw 52 of its levels.
You visited the Abyss 2 times.
You visited 2 bazaars.
You also visited: Sewer, Gauntlet, Ice Cave and Volcano.

You collected 8113 gold pieces.
You spent 2599 gold pieces at shops.

Inventory:

Hand Weapons
 a - the +6 bardiche "Uwael" (weapon) {chop, +Fly Dex+2}
   (You acquired it on level 4 of the Lair of Beasts)

   It inflicts extra damage upon your enemies.
   It affects your dexterity (+2).
   It lets you fly.
Missiles
 F - 48 javelins (quivered)
 X - 15 javelins of penetration
 Z - 3 throwing nets {!f}
Armour
 h - a +2 pair of boots of stealth (worn)
   (You found it on level 1 of the Lair of Beasts)
 s - a +2 cloak (worn)
 L - the +6 plate armour of a bailey (worn) {rElec rC++}
   (You found it on level 9 of the Dungeon)

   It greatly protects you from cold.
   It insulates you from electricity.
 V - a +2 helmet of intelligence (worn)
   (You found it on level 3 of the Elven Halls)
 Y - the +0 pair of gloves of Runwuos (worn) {rC++ Dex+5}
   (You found it on level 3 of the Depths)

   It affects your dexterity (+5).
   It greatly protects you from cold.
Jewellery
 f - the ring of Toaluwunk {rF+ rC- rN+ Str+10}
   (You found it on level 3 of the Crypt)

   [ring of positive energy]

   It affects your strength (+10).
   It protects you from fire.
   It makes you vulnerable to cold.
   It protects you from negative energy.
 m - an uncursed ring of protection from magic
 y - the amulet "Roz Itic" (around neck) {Faith rElec rPois}
   (You found it on level 7 of the Dungeon)

   [amulet of faith]

   It allows you to gain divine favour quickly.
   It insulates you from electricity.
   It protects you from poison.
 C - a ring of resist corrosion (left hand)
 P - the ring "Moinenwe" (right hand) {rPois AC+5 Str+2 Int+6}
   (You found it on level 12 of the Dungeon)

   [ring of protection]

   It affects your AC (+5).
   It affects your strength (+2).
   It affects your intelligence (+6).
   It protects you from poison.
Wands
 k - a wand of digging (5)
 A - a wand of paralysis (48)
 G - a wand of scattershot (7)
 I - a wand of iceblast (60)
 S - a wand of acid (12)
Scrolls
 o - 7 scrolls of fog
 p - 8 scrolls of fear {!r}
 t - 20 scrolls of remove curse
 B - 9 scrolls of magic mapping {!r}
 D - 26 scrolls of identify
 E - 4 scrolls of blinking
 K - 12 scrolls of teleportation {!r}
 Q - 2 scrolls of summoning {!r}
Potions
 d - a potion of cancellation {!q}
 l - 8 potions of haste {!q}
 n - 3 potions of ambrosia
 r - 5 potions of magic {!q}
 v - 12 potions of might {!q}
 x - 10 potions of agility {!q}
 z - 4 potions of resistance {!q}
 H - 20 potions of curing
 J - 4 potions of heal wounds {!q}
Miscellaneous
 c - a lamp of fire
 u - 3 boxes of beasts
 R - 4 phantom mirrors
Comestibles
 T - 76 rations


   Skills:
 - Level 21.7 Fighting
 - Level 26.0 Polearms
 - Level 10.0 Throwing
 - Level 18.8 Armour
 - Level 16.0 Dodging
 - Level 11.0 Spellcasting
 - Level 10.0 Hexes
 - Level 10.0 Charms
 + Level 10.5 Summonings
 - Level 9.0 Translocations
 + Level 3.1 Air Magic
 - Level 14.0 Invocations
 - Level 12.0 Evocations


You had 27 spell levels left.
You knew the following spells:

 Your Spells              Type           Power        Failure   Level  Hunger
p - Portal Projectile     Hex/Tloc       ######       2%          3    None
s - Summon Lightning Spi  Summ/Air       #####...     24%         4    #......
v - Summon Mana Viper     Hex/Summ       ######..     16%         5    ####...
w - Spectral Weapon       Hex/Chrm       ######..     1%          3    None
A - Apportation           Tloc           #####.       1%          1    None
B - Summon Butterflies    Summ           ######..     1%          1    None
J - Blink                 Tloc           N/A          1%          2    None
S - Swiftness             Chrm/Air       #####...     4%          2    None

Your spell library contained the following spells:

 Spells                   Type           Power        Failure   Level  Hunger
 Confusing Touch          Hex            ######       1%          1    None
 Corona                   Hex            ######.      1%          1    None
 Infusion                 Chrm           ####         1%          1    None
 Summon Small Mammal      Summ           ####         1%          1    None
 Call Imp                 Summ           ######..     1%          2    None
 Shroud of Golubria       Chrm/Tloc      ######....   1%          2    None
 Slow                     Hex            ######..     1%          2    None
 Song of Slaying          Chrm           ######..     1%          2    None
 Call Canine Familiar     Summ           ######..     1%          3    None
 Confuse                  Hex            ######..     1%          3    None
 Recall                   Summ/Tloc      N/A          1%          3    None
 Summon Guardian Golem    Hex/Summ       ######..     1%          3    None
 Tukima's Dance           Hex            ######..     1%          3    None
 Gell's Gravitas          Tloc           #####.....   2%          3    None
 Lesser Beckoning         Tloc           #####.....   2%          3    None
 Teleport Other           Tloc           #####...     2%          3    None
 Cause Fear               Hex            ######....   6%          4    #......
 Ensorcelled Hibernation  Hex/Ice        ####..       8%          2    None
 Passage of Golubria      Tloc           N/A          10%         4    #......
 Dazzling Spray           Conj/Hex       ####..       14%         3    None
 Inner Flame              Hex/Fire       ####....     14%         3    None
 Regeneration             Chrm/Necr      ####......   14%         3    None
 Aura of Abjuration       Summ           ######....   14%         5    ####...
 Summon Demon             Summ           ######....   14%         5    ####...
 Summon Forest            Summ/Tloc      ######....   19%         5    ####...
 Poisonous Vapours        Pois/Air       ###...       30%         2    None
 Animate Skeleton         Necr           N/A          36%         1    None
 Beastly Appendage        Tmut           ##....       36%         1    None
 Flame Tongue             Conj/Fire      ##...        36%         1    None
 Magic Dart               Conj           ##..         36%         1    None
 Pain                     Necr           ##..         36%         1    None
 Sandblast                Erth           ##....       36%         1    None
 Sting                    Conj/Pois      ##..         36%         1    None
 Summon Ice Beast         Ice/Summ       ####....     41%         4    #......
 Fulminant Prism          Conj/Hex       ####......   43%         4    #......
 Leda's Liquefaction      Hex/Erth       ####......   43%         4    #......
 Corpse Rot               Necr           N/A          50%         2    None
 Passwall                 Tmut/Erth      ##......     50%         2    None
 Searing Ray              Conj           ##....       50%         2    None
 Sticks to Snakes         Tmut           ##......     50%         2    None
 Sublimation of Blood     Necr           ##........   50%         2    None
 Throw Flame              Conj/Fire      ##....       50%         2    None
 Throw Frost              Conj/Ice       ##....       50%         2    None
 Force Lance              Conj/Tloc      ####....     52%         4    #......
 Mephitic Cloud           Conj/Pois/Air  ###.....     58%         3    None
 Silence                  Hex/Air        #####.....   58%         5    ####...
 Shadow Creatures         Summ           N/A          61%         6    ######.
 Darkness                 Hex            ######....   67%         6    ######.
 Invisibility             Hex            ######..     67%         6    ######.
 Conjure Flame            Conj/Fire      ##......     75%         3    None
 Ignite Poison            Fire/Tmut/Pois ##......     75%         3    None
 Spider Form              Tmut/Pois      ##........   75%         3    None
 Stone Arrow              Conj/Erth      ##....       75%         3    None
 Vampiric Draining        Necr           ##........   75%         3    None
 Excruciating Wounds      Chrm/Necr      ####......   80%         5    ####...
 Iskenderun's Battlesphe  Conj/Chrm      ####....     80%         5    ####...
 Metabolic Englaciation   Hex/Ice        ####......   80%         5    ####...
 Yara's Violent Unravell  Hex/Tmut       ####......   80%         5    ####...
 Dispersal                Tloc           #####.....   82%         6    ######.
 Animate Dead             Necr           N/A          98%         4    #......
 Ice Form                 Ice/Tmut       ##......     98%         4    #......
 Iskenderun's Mystic Bla  Conj           ##......     98%         4    #......
 Petrify                  Tmut/Erth      ##......     98%         4    #......
 Sticky Flame             Conj/Fire      ##......     98%         4    #......
 Throw Icicle             Conj/Ice       ##......     98%         4    #......
 Lightning Bolt           Conj/Air       ###.......   99%         5    ####...
 Deflect Missiles         Chrm/Air       #####.....   99%         6    ######.
 Summon Hydra             Summ           ######....   99%         7    #######
 Agony                    Necr           ##......     100%        5    ####...
 Alistair's Intoxication  Tmut/Pois      ##......     100%        5    ####...
 Blade Hands              Tmut           ##........   100%        5    ####...
 Bolt of Draining         Conj/Necr      ##........   100%        5    ####...
 Bolt of Magma            Conj/Fire/Erth ##........   100%        5    ####...
 Borgnjor's Vile Clutch   Necr/Erth      ##........   100%        5    ####...
 Dispel Undead            Necr           ##......     100%        5    ####...
 Fireball                 Conj/Fire      ##........   100%        5    ####...
 Irradiate                Conj/Tmut      ##........   100%        5    ####...
 Lee's Rapid Deconstruct  Erth           ##........   100%        5    ####...
 Venom Bolt               Conj/Pois      ##........   100%        5    ####...
 Bolt of Cold             Conj/Ice       ##........   100%        6    ######.
 Bolt of Fire             Conj/Fire      ##........   100%        6    ######.
 Death Channel            Necr           ##........   100%        6    ######.
 Freezing Cloud           Conj/Ice/Air   ###.......   100%        6    ######.
 Hydra Form               Tmut           ##........   100%        6    ######.
 Iron Shot                Conj/Erth      ##........   100%        6    ######.
 Ozocubu's Refrigeration  Ice            ##........   100%        6    ######.
 Simulacrum               Ice/Necr       ##........   100%        6    ######.
 Statue Form              Tmut/Erth      ##.......    100%        6    ######.
 Dragon Form              Tmut           ##........   100%        7    #######
 Haunt                    Necr/Summ      ####......   100%        7    #######
 Orb of Destruction       Conj           ##........   100%        7    #######
 Ring of Flames           Chrm/Fire      ####......   100%        7    #######
 Spellforged Servitor     Conj/Summ      ####......   100%        7    #######
 Borgnjor's Revivificati  Necr           ##........   100%        8    #######
 Controlled Blink         Tloc           N/A          100%        8    #######
 Death's Door             Chrm/Necr      ####......   100%        8    #######
 Discord                  Hex            ######....   100%        8    #######
 Infestation              Necr           ##........   100%        8    #######
 Necromutation            Tmut/Necr      ##........   100%        8    #######
 Dragon's Call            Summ           ######....   100%        9    #######


Dungeon Overview and Level Annotations

Branches:
Dungeon (15/15)            Temple (1/1) D:5            Lair (6/6) D:9
  Swamp (4/4) Lair:3        Snake (4/4) Lair:3        Slime (4/5) Lair:6
    Orc (2/2) D:11            Elf (3/3) Orc:2        Vaults (5/5) D:13
  Crypt (3/3) Vaults:2       Tomb (0/3) Crypt:3      Depths (5/5) D:15
    Zot (0/5) Depths:5

Altars:
Ashenzari
Cheibriados
Dithmenos
Elyvilon
Fedhas
Gozag
Hepliaklqana
Kikubaaqudgha
Makhleb
Nemelex Xobeh
Okawaru
Qazlal
Ru
Sif Muna
Trog
Uskayaw
Vehumet
Wu Jian
Xom
Yredelemnul
Zin
The Shining One
Beogh

Shops:
D:11 (   D:12 (   D:15 :   Orc:1 :   Orc:2 *[(:   Snake:3 (   Vaults:2 *
Vaults:3 *   Vaults:4 :=   Vaults:5 ???   Depths:2 =}=   Depths:3 :
Depths:4 !(?   Depths:5 [

Portals:
Hell: Depths:1 Depths:2 Depths:3 Depths:4 Depths:5
Abyss: Depths:1 Depths:4
Pandemonium: Depths:3 Depths:4 Depths:5
Ziggurat: Depths:2
Trove: D:15 (show slimy rune of Zot)


Innate Abilities, Weirdness & Mutations

You revert to your normal form in water You are very nimble and swift while swimming.
You are very stealthy in the water. (Stealth+)
Scrolls take you a little longer to read.
You do not regenerate when monsters are visible.
You are weak. (Str -2)


Message History

Press: ? - help, Dir - move target cursor, f - you That would be overly suicidal.
Okay, then.
Char dumped successfully.
Attack whom?
Press: ? - help, Dir - move target cursor, f - you That would be overly suicidal.
Okay, then.
Char dumped successfully.
Attack whom?
Press: ? - help, Dir - move target cursor, f - you That would be overly suicidal.
Okay, then.
Attack whom?
Press: ? - help, Dir - move target cursor, f - you That would be overly suicidal.
Okay, then.
Unknown command.
An eye of draining comes into view.
There is a stone staircase leading down here.
You are too injured to fight recklessly!
You are too injured to fight recklessly!
You are too injured to fight recklessly!
You are too injured to fight recklessly!
You are too injured to fight recklessly!
You are too injured to fight recklessly!
You are too injured to fight recklessly!
You are too injured to fight recklessly!
You slice the eye of draining!!
The eye of draining is severely wounded.
You slash the eye of draining!
You kill the eye of draining!
You are splashed with acid.
You resist.
* * * LOW HITPOINT WARNING * * *
The wall burns your daeva!
Damage: 5 (max 5)
Found a stone staircase leading down.
Unknown command.
You are splashed with acid!
You resist.
* * * LOW HITPOINT WARNING * * *
The wall burns your daeva!
Damage: 7 (max 7)
An acid blob comes into view.
You are splashed with acid.
You resist.
* * * LOW HITPOINT WARNING * * *
The acid blob quivers.
The wall burns your daeva!
Damage: 6 (max 7)
You are splashed with acid!
You resist.
You die...

.##..........#
.............#
.............####
..............#.##
##...............# .#
#......>......#..##.##
##...................#
##...........A#..#..#..#
#........##...A#@.......
#........##............#
#.........##............
.......#.#...........#.#
.......##...........J# .
...#....##.#...........
#.###..##.##............
## ####.. ...#.........
## ......>...


You could see an acid blob.

Vanquished Creatures
  Dissolution (Slime:4)
  4 ancient liches
  Sojobo (Vaults:2)
  The ghost of Awazaost the Conqueror, a veteran MiBe of Trog (Vaults:2)
  Margery (Vaults:4)
  Saint Roka (Crypt:1)
  Frederick (Vaults:2)
  5 caustic shrikes (Depths:4)
  4 golden dragons
  The ghost of Vapoch the Fencer, an adept MiFi of Okawaru (Vaults:2)
  A bone dragon (Crypt:3)
  14 liches
  Jorgrun (Swamp:1)
  7 tentacled monstrosities
  2 titans (Vaults:5)
  The ghost of Nimomuku the Tortoise, an adept GrFi of Makhleb (Crypt:1)
  2 quicksilver dragons (Vaults:5)
  2 deep elf master archers (Elf:3)
  2 deep elf blademasters (Elf:3)
  2 tentacled starspawn
  A thorn hunter (Abyss:4)
  5 sphinxes
  4 shadow dragons
  Kirke (Lair:5)
  10 tengu reavers
  3 ancient champions (Crypt:1)
  Roxanne (Elf:2)
  A revenant (Crypt:2)
  3 storm dragons
  A draconian monk (Depths:5)
  7 nagarajas (Snake:4)
  An azure jelly (Slime:4)
  10 frost giants
  10 deep elf sorcerers
  15 fire giants
  3 iron dragons
  The ghost of Wired the Thaumaturge, a journeyman GnWz of Ashenzari (Orc:1)
  2 orc warlords
  A reaper (Abyss:3)
  21 vault wardens
  3 curse skulls
  Louise (Elf:2)
  The ghost of Coluror the Severer, a journeyman MiBe of Trog (Swamp:3)
  A deep elf elementalist (Elf:3)
  A draconian annihilator (Depths:5)
  A spriggan defender (Elf:2)
  2 ghouls (Vaults:2)
  3 war gargoyles (Crypt:3)
  8 ironheart preservers
  22 stone giants
  2 entropy weavers
  26 very ugly things
  4 vampire knights
  9 deep elf demonologists
  2 red draconians (Depths:5)
  2 black draconians (Depths:5)
  2 pale draconians (Depths:5)
  A spark wasp (shapeshifter) (Vaults:5)
  5 spark wasps
  2 minotaurs
  9 deep elf annihilators
  2 yellow draconians (Depths:5)
  A merfolk javelineer (Abyss:4)
  A green death (Gauntlet)
  3 eidola
  2 merfolk impalers (Orc:1)
  6 deep elf death magi
  A crystal guardian (Vaults:3)
  14 ettins
  Snorg (Lair:5)
  Josephine (Lair:5)
  The ghost of Killmatronix the Severer, a journeyman MiCK of Xom (Lair:1)
  22 yaktaur captains
  31 vault guards
  6 deep elf high priests
  10 jiangshi
  13 fire dragons
  7 great orbs of eyes
  28 hydras
  6 rakshasas
  10 ice dragons
  11 naga warriors
  2 spriggan air magi
  A shambling mangrove (Swamp:3)
  The ghost of confidenceinterval the Martial Artist, a journeyman GnTm of Okawaru (D:9)
  4 ghost crabs
  4 death knights
  6 alligators
  2 catoblepae
  12 centaur warriors
  34 two-headed ogres
  28 dancing weapons
  9 ogre magi
  9 anacondas
  5 death yaks (Lair:4)
  2 thrashing horrors
  5 deep troll shamans
  11 vampire magi
  An orc high priest (Orc:2)
  6 tengu warriors
  14 naga sharpshooters
  4 deep troll earth magi
  A spriggan berserker (Depths:2)
  Urug (Orc:1)
  4 shock serpents
  2 wretched stars (Abyss:4)
  A fire crab (shapeshifter) (Vaults:4)
  A titan skeleton (Crypt:3)
  34 skeletal warriors
  23 deep elf knights
  A soul eater (Crypt:2)
  3 storm dragon zombies (Crypt:3)
  11 sea snakes
  2 salamander mystics
  4 shadow wraiths
  An unseen horror (shapeshifter) (Depths:3)
  23 hell knights
  A ghost moth zombie (Crypt:3)
  4 iron trolls
  A golden dragon zombie (Crypt:3)
  A storm dragon skeleton (Depths:2)
  6 unseen horrors
  4 glowing orange brains
  2 obsidian statues
  4 wizards
  5 naga ritualists
  13 deep elf archers
  3 flayed ghosts
  13 swamp dragons
  3 spriggan druids (Swamp:4)
  14 orc knights
  21 deep trolls
  A wolf spider zombie (D:15)
  7 phantasmal warriors
  17 harpies
  6 necromancers
  An iron dragon zombie (Crypt:3)
  7 mana vipers
  42 ugly things
  3 oklob plants (Lair:6)
  A shining eye (Slime:3)
  6 manticores
  21 ironbrand convokers
  2 golden dragon skeletons
  2 stone giant zombies
  7 orc sorcerers
  8 salamanders
  2 wolf spiders
  4 cyclopes
  2 worldbinders (Abyss:4)
  4 iron dragon skeletons
  A moth of wrath (D:9)
  69 deep elf magi
  A dire elephant zombie (Crypt:1)
  A moth of wrath (shapeshifter) (Depths:5)
  A stone giant skeleton (Crypt:1)
  6 elephants
  A guardian serpent (Snake:4)
  10 vault sentinels
  A rust devil (Depths:1)
  22 black mambas
  4 fire giant skeletons
  A guardian serpent (shapeshifter) (Depths:2)
  7 gargoyles
  2 ice statues (IceCv)
  Maurice (D:10)
  2 eyes of devastation
  5 smoke demons (Crypt:3)
  23 naga magi
  A black mamba (shapeshifter) (Depths:3)
  A storm dragon simulacrum (Crypt:1)
  An apocalypse crab (Abyss:4)
  An emperor scorpion zombie (Crypt:1)
  20 spiny frogs
  A spiny frog (shapeshifter) (Vaults:2)
  10 komodo dragons
  70 yaktaurs
  3 rime drakes
  An ancient zyme (Abyss:4)
  11 freezing wraiths
  4 starcursed masses (Abyss:4)
  A spriggan skeleton (Depths:2)
  A guardian mummy (D:15)
  A catoblepas skeleton (Crypt:1)
  3 human skeletons
  An ice devil (Gauntlet)
  A yaktaur skeleton (Vaults:4)
  A queen bee (shapeshifter) (Depths:2)
  2 red devils (Crypt:3)
  5 tengu conjurers
  A harpy zombie (D:15)
  8 small abominations
  10 polar bears (Lair:6)
  9 trolls
  8 tyrant leeches
  6 hornets
  A wolf spider simulacrum (Crypt:1)
  3 wind drakes (shapeshifter)
  A hydra zombie (Crypt:3)
  A jumping spider (shapeshifter) (Depths:2)
  A green draconian skeleton (Crypt:1)
  12 hippogriffs
  A hornet (shapeshifter) (Vaults:1)
  A sphinx simulacrum (Vaults:1)
  8 large abominations
  8 blink frogs
  A merfolk (shapeshifter) (Depths:2)
  A raiju (shapeshifter) (Vaults:3)
  A hippogriff (shapeshifter) (Vaults:5)
  A stone giant simulacrum (Vaults:3)
  A raiju (Lair:6)
  2 iron dragon simulacra (Crypt:1)
  105 slime creatures
  22 bog bodies
  A fire dragon zombie (Crypt:2)
  4 air elementals
  5 vampires (Crypt:3)
  8 flying skulls (Crypt:2)
  5 shadows
  14 wraiths
  A ynoxinul (Abyss:4)
  3 redbacks (Vaults:3)
  10 water elementals
  6 spriggans
  A hog (shapeshifter) (Vaults:1)
  A basilisk (shapeshifter) (Vaults:3)
  2 fire bats (Volcano)
  A hog (Lair:5)
  6 wyverns
  2 basilisks
  4 steam dragons
  37 yaks
  3 hungry ghosts
  A golden eye (shapeshifter) (Depths:2)
  4 fire elementals
  11 vampire mosquitoes
  Edmund (D:3)
  4 insubstantial wisps (Swamp:3)
  19 swamp worms
  A torturous demonspawn zombie (Crypt:2)
  19 wargs
  35 nagas
  A soldier ant (D:11)
  A soldier ant (shapeshifter) (Depths:2)
  18 hell hounds
  4 acid dragons
  11 porcupines
  19 water moccasins
  A floating eye (Depths:2)
  13 swamp drakes
  Duvessa (D:6)
  A floating eye (shapeshifter) (Vaults:5)
  A porcupine (shapeshifter) (Vaults:5)
  7 ice beasts
  43 orc warriors
  Purgy (Sewer)
  6 sky beasts
  A hornet zombie (D:15)
  15 black bears
  A black bear (shapeshifter) (D:14)
  30 ogres
  An ice beast (shapeshifter) (D:13)
  2 phantoms
  31 centaurs
  A lindwurm zombie (Crypt:2)
  21 wolves
  3 necrophages
  16 boggarts
  5 eyes of draining
  3 big kobolds
  12 crocodiles
  A draconian zombie (Crypt:2)
  19 bullfrogs
  3 earth elementals
  A wyvern zombie (D:13)
  Dowan (D:6)
  A cyclops zombie (Crypt:1)
  A cyclops skeleton (Crypt:2)
  8 scorpions
  A killer bee (D:10)
  A snapping turtle simulacrum (Crypt:1)
  An elf simulacrum (Vaults:3)
  4 wights (D:13)
  10 electric eels
  A howler monkey (D:11)
  4 crimson imps
  A bullfrog zombie (D:10)
  5 centaur zombies
  A human simulacrum (Vaults:3)
  2 quasits (D:11)
  8 hounds
  2 jellies
  Crazy Yiuf (D:6)
  22 orc priests
  A bullfrog skeleton (D:11)
  An iron imp (Depths:3)
  13 worker ants
  6 centaur skeletons
  2 iguanas
  6 hell rats (Lair:6)
  25 orc wizards
  A killer bee zombie (D:6)
  An acid dragon zombie (Crypt:1)
  A naga skeleton (Crypt:2)
  2 ogre skeletons
  2 hound skeletons
  A howler monkey zombie (D:10)
  Robin (D:3)
  A worker ant zombie (D:9)
  8 gnolls
  15 adders
  A gnoll (shapeshifter) (Depths:2)
  2 river rats (D:6)
  4 shadow imps
  4 white imps
  An ooze (D:6)
  An ufetubus (Depths:4)
  2 adder skeletons (D:5)
  A worm (D:3)
  A barachi zombie (Crypt:2)
  5 leopard geckos
  99 orcs
  A ball python (D:6)
  8 bats
  7 giant cockroaches
  14 goblins
  7 hobgoblins
  7 jackals
  4 quokkas
  6 frilled lizards
  A gnoll skeleton (Crypt:1)
  2 goblin skeletons (D:6)
  A goblin zombie (D:6)
  3 hobgoblin zombies (D:6)
  20 kobolds
  A kobold simulacrum (Crypt:1)
  A kobold zombie (D:6)
  A leopard gecko skeleton (D:5)
  A leopard gecko zombie (D:8)
  2 orc skeletons (D:6)
  4 orc zombies (D:6)
  2 quokka skeletons
  6 rats
  A river rat zombie (Crypt:2)
  A lurking horror (Abyss:4)
  2 starspawn tentacles (Abyss:4)
2349 creatures vanquished.

Vanquished Creatures (collateral kills)
  An azure jelly (Slime:3)
  A tengu reaver (Vaults:2)
  A shambling mangrove (Swamp:4)
  A two-headed ogre (Vaults:2)
  An ogre mage (Vaults:2)
  2 shining eyes (Slime:3)
  2 hornets (Swamp:4)
  3 slime creatures (Slime:3)
  An orc (Vaults:2)
13 creatures vanquished.

Vanquished Creatures (others)
  A hydra (Swamp:3)
  A two-headed ogre (Volcano)
  A hell knight (Crypt:3)
  2 slime creatures (Swamp:3)
  2 humans (Lair:5)
  A centaur (Volcano)
  5 killer bees (D:10)
  A bullfrog skeleton (D:10)
  A hobgoblin (D:2)
  A kobold (D:2)
  2 briar patches (Abyss:4)
  A bush (Lair:5)
  30 fungi
  37 plants
  3 starspawn tentacles
89 creatures vanquished.

Grand Total: 2451 creatures vanquished

Notes
Turn   | Place    | Note
-------+----------+-------------------------------------------
     0 | D:1      | Gorice the Merfolk Gladiator began the quest for the Orb.
     0 | D:1      | Reached XP level 1. HP: 16/16 MP: 1/1
    86 | D:1      | Reached skill level 5 in Polearms
   131 | D:1      | Reached XP level 2. HP: 22/22 MP: 2/2
   361 | D:1      | Reached skill level 6 in Polearms
   361 | D:1      | Reached XP level 3. HP: 19/27 MP: 3/3
   917 | D:2      | Found a shadowy altar of Dithmenos.
  1090 | D:2      | Reached skill level 7 in Polearms
  1090 | D:2      | Reached XP level 4. HP: 19/33 MP: 4/4
  1311 | D:2      | Found a bloodstained altar of Trog.
  1314 | D:2      | Found a deep blue altar of Sif Muna.
  1337 | D:2      | Found a white marble altar of Elyvilon.
  1962 | D:3      | Reached skill level 8 in Polearms
  1962 | D:3      | Reached XP level 5. HP: 23/38 MP: 5/5
  2002 | D:3      | Reached skill level 9 in Polearms
  2178 | D:3      | Found a shattered altar of Ashenzari.
  2224 | D:3      | Reached XP level 6. HP: 44/44 MP: 6/6
  2540 | D:4      | Noticed Edmund
  2543 | D:4      | Noticed Robin
  2862 | D:3      | HP: 12/44 [Edmund/+1 dire flail of protection (15)]
  3101 | D:3      | Killed Edmund
  3101 | D:3      | Reached skill level 10 in Polearms
  3101 | D:3      | Reached skill level 1 in Armour
  3206 | D:3      | Killed Robin
  3206 | D:3      | Reached XP level 7. HP: 40/50 MP: 7/7
  3371 | D:4      | Found a hide-covered altar of Uskayaw.
  3559 | D:4      | Reached skill level 11 in Polearms
  3573 | D:4      | Found a stormy altar of Qazlal.
  3620 | D:4      | Found a radiant altar of Vehumet.
  3628 | D:4      | Reached skill level 2 in Armour
  3804 | D:4      | Found a hazy altar of Hepliaklqana.
  3918 | D:5      | Entered Level 5 of the Dungeon
  3933 | D:5      | Found a staircase to the Ecumenical Temple.
  3941 | Temple   | Entered the Ecumenical Temple
  4265 | D:5      | Noticed a hungry ghost
  4268 | D:5      | Found an ornate altar of the Wu Jian Council.
  4278 | D:5      | Killed a hungry ghost
  4278 | D:5      | Reached XP level 8. HP: 54/56 MP: 8/8
  4285 | D:5      | Reached skill level 3 in Armour
  4296 | D:5      | Reached skill level 12 in Polearms
  4411 | D:5      | You fall through a shaft!
  4423 | D:6      | Found a glowing golden altar of the Shining One.
  4451 | D:6      | Became a worshipper of the Shining One
  4535 | D:6      | Reached skill level 4 in Armour
  4651 | D:6      | Found a glowing drain.
  4662 | Sewer    | Entered a sewer
  4760 | Sewer    | Noticed Purgy
  4764 | Sewer    | Killed Purgy
  4811 | D:6      | Found an iron altar of Okawaru.
  4814 | D:6      | Noticed Duvessa
  4814 | D:6      | Noticed Dowan
  4840 | D:6      | Killed Duvessa
  4840 | D:6      | Reached skill level 13 in Polearms
  4844 | D:6      | Killed Dowan
  4844 | D:6      | Reached XP level 9. HP: 51/61 MP: 9/9
  5212 | D:5      | Reached skill level 5 in Armour
  5308 | D:5      | Reached * piety under the Shining One
  5733 | D:6      | Found an opulent altar of Gozag.
  5779 | D:6      | Found a runed translucent door.
  5780 | D:6      | Noticed Crazy Yiuf
  5791 | D:6      | Killed Crazy Yiuf
  6324 | D:7      | Reached skill level 14 in Polearms
  6531 | D:7      | Got a faintly glowing bone amulet
  6847 | D:7      | Identified the amulet "Roz Itic" {Faith rElec rPois} (You
                  | found it on level 7 of the Dungeon)
  6865 | D:8      | Reached skill level 6 in Armour
  7433 | D:9      | Reached skill level 15 in Polearms
  7433 | D:9      | Reached XP level 10. HP: 50/67 MP: 10/10
  7536 | D:9      | Found a transporter.
  7536 | D:9      | Noticed confidenceinterval's ghost (journeyman GnTm)
  7537 | D:9      | Noticed a cyclops
  7537 | D:9      | Noticed a moth of wrath
  7543 | D:9      | Noticed a two-headed ogre
  7545 | D:9      | Found a bloodstained altar of Trog.
  7560 | D:9      | Found a transporter.
  7597 | D:9      | Reached ** piety under the Shining One
  7672 | D:9      | Found a staircase to the Lair.
  7703 | D:9      | Reached skill level 7 in Armour
  8260 | D:9      | Got a bloodstained plate armour
  8271 | D:9      | Identified the +6 plate armour of a bailey {rElec rC++}
                  | (You found it on level 9 of the Dungeon)
  8271 | D:9      | --That'll do!
  8431 | Lair:1   | Entered Level 1 of the Lair of Beasts
  8489 | Lair:1   | Reached skill level 16 in Polearms
  8686 | Lair:1   | Noticed a spiny frog
  8693 | Lair:1   | Killed a spiny frog
  8693 | Lair:1   | Reached skill level 8 in Armour
  8877 | Lair:1   | Noticed a spiny frog
  8889 | Lair:1   | Killed a spiny frog
  8909 | Lair:1   | Found a runed translucent door.
  8910 | Lair:1   | Found a shimmering altar of Xom.
  8910 | Lair:1   | Noticed Killmatronix's ghost (journeyman MiCK)
  8910 | Lair:1   | Noticed a +2 rapier of chaos
  9099 | Lair:1   | Reached XP level 11. HP: 73/73 MP: 11/11
  9448 | Lair:2   | Reached skill level 3 in Fighting
  9466 | Lair:2   | Reached skill level 9 in Armour
  9509 | Lair:2   | HP: 22/76 [water moccasin (5)]
  9521 | Lair:2   | Reached skill level 4 in Fighting
  9522 | Lair:2   | HP: 15/77 [yak (5)]
  9778 | Lair:2   | Found a dark tunnel.
  9816 | Volcano  | Entered a volcano
  9842 | Volcano  | Reached skill level 5 in Fighting
  9842 | Volcano  | Noticed a two-headed ogre
  9844 | Volcano  | Noticed a two-headed ogre
  9847 | Volcano  | Killed a two-headed ogre
  9850 | Volcano  | Killed a two-headed ogre
  9857 | Volcano  | Killed a two-headed ogre
  9857 | Volcano  | Reached skill level 6 in Fighting
  9873 | Volcano  | Noticed a salamander
  9885 | Volcano  | Killed a salamander
 10489 | Lair:2   | Reached skill level 7 in Fighting
 10490 | Lair:2   | HP: 18/84 [spiny frog (12)]
 10497 | Lair:2   | Reached skill level 10 in Armour
 10750 | Lair:2   | Noticed a six-headed hydra
 11068 | Lair:2   | Killed a six-headed hydra
 11343 | Lair:3   | Noticed a four-headed hydra
 11355 | Lair:3   | Killed a four-headed hydra
 11355 | Lair:3   | Reached skill level 8 in Fighting
 11355 | Lair:3   | Reached XP level 12. HP: 92/92 MP: 12/12
 11498 | Lair:3   | Noticed a catoblepas
 11516 | Lair:3   | Killed a catoblepas
 11543 | Lair:3   | Found a sacrificial altar of Ru.
 11682 | Lair:3   | Reached skill level 9 in Fighting
 11890 | Lair:3   | You fall through a shaft for 3 floors!
 11890 | Lair:6   | Entered Level 6 of the Lair of Beasts
 11890 | Lair:6   | Reached *** piety under the Shining One
 12017 | Lair:6   | Reached skill level 11 in Armour
 12058 | Lair:6   | Reached skill level 10 in Fighting
 12334 | Lair:5   | HP: 26/98 [komodo dragon (7)]
 12339 | Lair:5   | HP: 24/98 [poisoned by a water moccasin]
 12345 | Lair:5   | HP: 24/98 [poisoned by a water moccasin]
 12353 | Lair:5   | HP: 24/98 [poisoned by a water moccasin]
 12750 | Lair:4   | Noticed an eight-headed hydra
 13186 | Lair:3   | Reached XP level 13. HP: 104/104 MP: 13/13
 13202 | Lair:3   | Found a staircase to the Snake Pit.
 13258 | Lair:3   | Found a staircase to the Swamp.
 13654 | Lair:4   | Reached skill level 17 in Polearms
 14358 | Lair:4   | Identified a scroll of acquirement
 14359 | Lair:4   | Got a dazzling bardiche
 14360 | Lair:4   | Identified the +6 bardiche "Uwael" {chop, +Fly Dex+2} (You
                  | acquired it on level 4 of the Lair of Beasts)
 14361 | Lair:4   | --not bad...
 14422 | Lair:5   | Noticed Kirke
 14424 | Lair:5   | Reached **** piety under the Shining One
 14438 | Lair:5   | Killed Kirke
 14480 | Lair:5   | Noticed Snorg
 14495 | Lair:5   | Killed Snorg
 14495 | Lair:5   | Reached skill level 12 in Armour
 14990 | Lair:5   | Noticed Josephine
 15010 | Lair:5   | Killed Josephine
 15015 | Lair:5   | Reached skill level 18 in Polearms
 15897 | Lair:6   | Reached ***** piety under the Shining One
 15937 | Lair:6   | HP: 21/104 [elephant (13)]
 15943 | Lair:6   | HP: 18/104 [blink frog (4)]
 15943 | Lair:6   | HP: 7/104 [blink frog (11)]
 15951 | Lair:6   | HP: 27/104 [blink frog (6)]
 16352 | Lair:6   | Reached XP level 14. HP: 92/111 MP: 14/14
 16402 | Lair:6   | Found a hazy altar of Hepliaklqana.
 16571 | Lair:6   | Reached skill level 19 in Polearms
 16571 | Lair:6   | Reached skill level 5 in Dodging
 16685 | Lair:6   | HP: 32/111 [polar bear (20)]
 16701 | Lair:6   | Reached skill level 6 in Dodging
 16702 | Lair:6   | HP: 33/111 [black bear (3)]
 17269 | Lair:6   | Reached skill level 7 in Dodging
 17808 | Lair:6   | Found a staircase to the Slime Pits.
 17832 | Lair:6   | Reached skill level 8 in Dodging
 18196 | D:10     | Entered Level 10 of the Dungeon
 18293 | D:10     | Identified the Volume of Displaced Transmutation
 18357 | D:10     | Noticed Maurice
 18367 | D:10     | Killed Maurice
 18591 | D:10     | Reached ****** piety under the Shining One
 18634 | D:10     | Reached skill level 20 in Polearms
 19184 | D:11     | Reached skill level 9 in Dodging
 19211 | D:11     | Found Neeruxt's Antique Weapon Shoppe.
 19428 | D:11     | Found a gate leading to a gauntlet.
 19439 | Gauntlet | Entered a Gauntlet
 19439 | Gauntlet | Found a transporter.
 19455 | Gauntlet | Found a transporter.
 19469 | Gauntlet | Found a transporter.
 19474 | Gauntlet | Found a transporter.
 19489 | Gauntlet | Found a transporter.
 19508 | Gauntlet | Found a transporter.
 19520 | Gauntlet | Found a transporter.
 19532 | Gauntlet | Found a transporter.
 19532 | Gauntlet | Noticed an entropy weaver
 19544 | Gauntlet | Found a transporter.
 19556 | Gauntlet | Found a transporter.
 19574 | Gauntlet | Found a transporter.
 19593 | Gauntlet | Found a transporter.
 19595 | Gauntlet | Found a transporter.
 19622 | Gauntlet | Found a transporter.
 19624 | Gauntlet | Found a transporter.
 19626 | Gauntlet | Found a transporter.
 19656 | Gauntlet | Found a transporter.
 19674 | Gauntlet | Found a transporter.
 19692 | Gauntlet | Got a bound iron ring
 19747 | Gauntlet | HP: 29/111 [catoblepas (10)]
 19751 | Gauntlet | HP: 13/111 [catoblepas (10)]
 20035 | Gauntlet | Upgraded the game from 0.24-a0-29-g43a6aff to
                  | 0.24-a0-48-g0ecae65
 20047 | Gauntlet | Identified the ring "Uhaycero" {rPois MR- EV+6 Dex+4
                  | Stlth+} (You found it in a Gauntlet)
 20088 | Gauntlet | Reached skill level 10 in Dodging
 20103 | Gauntlet | Identified the Papyrus of Protection
 20107 | Gauntlet | Identified Foygex's Reference Book on Orientation
 20714 | D:11     | Found a staircase to the Orcish Mines.
 20927 | Orc:1    | Entered Level 1 of the Orcish Mines
 20947 | Orc:1    | Reached skill level 11 in Fighting
 20972 | Orc:1    | Found a frozen archway.
 20987 | IceCv    | Entered an ice cave
 21021 | IceCv    | Found a transporter.
 21075 | IceCv    | Found a transporter.
 21113 | IceCv    | Identified Usuerph's Grimoire of the Captivating Frostbite
 21281 | Orc:1    | Noticed Urug
 21297 | Orc:1    | Killed Urug
 21330 | Orc:1    | Found Ocogun's Book Shop.
 21617 | Orc:1    | Found a runed translucent gate.
 21617 | Orc:1    | Found a runed translucent gate.
 21623 | Orc:1    | Found a runed translucent gate.
 21624 | Orc:1    | Found an iron altar of Okawaru.
 21624 | Orc:1    | Noticed Wired's ghost (journeyman GnWz)
 22053 | Orc:1    | Killed Wired's ghost
 22053 | Orc:1    | Reached skill level 1 in Invocations
 22053 | Orc:1    | Reached XP level 15. HP: 120/120 MP: 15/15
 22122 | Orc:1    | Reached skill level 12 in Fighting
 22161 | Orc:1    | Reached skill level 21 in Polearms
 22171 | Orc:1    | Reached skill level 2 in Invocations
 22196 | Orc:1    | Got a crystal great mace
 22199 | Orc:1    | Identified the cursed +0 great mace of the Chain {crush,
                  | Int+7 Dex-2} (You found it on level 1 of the Orcish Mines)
 22258 | Orc:2    | Entered Level 2 of the Orcish Mines
 22258 | Orc:2    | Found a staircase to the Elven Halls.
 22585 | Orc:2    | Reached skill level 3 in Invocations
 23423 | Orc:2    | Found a roughly hewn altar of Beogh.
 23536 | Orc:2    | Noticed an orc warlord
 23555 | Orc:2    | Reached skill level 13 in Fighting
 23555 | Orc:2    | Reached skill level 4 in Invocations
 23597 | Orc:2    | Killed an orc warlord
 23739 | Orc:2    | Found Uturatak's Antique Armour Boutique.
 23781 | Orc:2    | Found Giub's Book Boutique.
 23803 | Orc:2    | Found Vipecing's Antique Weapon Boutique.
 23809 | Orc:2    | Found Kitwoipy's General Store.
 23926 | Orc:2    | Bought a potion of haste for 100 gold pieces
 23926 | Orc:2    | Bought a scroll of magic mapping for 35 gold pieces
 23926 | Orc:2    | Bought a potion of curing for 30 gold pieces
 24316 | D:12     | Reached skill level 5 in Invocations
 24414 | D:12     | Paralysed by an orc priest for 6 turns
 24811 | D:12     | Found Nohynt's Weapon Shoppe.
 25024 | Lair:1   | Killed Killmatronix's ghost
 25283 | D:13     | Reached skill level 14 in Fighting
 25302 | D:13     | Reached skill level 6 in Invocations
 25670 | D:13     | Reached skill level 22 in Polearms
 25849 | D:13     | Found a gate to the Vaults.
 25908 | D:14     | Reached skill level 7 in Invocations
 25943 | D:14     | Reached XP level 16. HP: 52/134 MP: 21/21
 26300 | D:14     | Reached skill level 15 in Fighting
 26644 | D:14     | Reached skill level 8 in Invocations
 27026 | D:15     | Entered Level 15 of the Dungeon
 27160 | D:15     | Found a portal to a secret trove of treasure.
 27201 | D:15     | Found Vaeck's Book Shoppe.
 27491 | D:15     | Found a staircase to the Depths.
 27502 | D:15     | Reached skill level 16 in Fighting
 27667 | D:15     | Reached skill level 9 in Invocations
 27979 | Swamp:1  | Entered Level 1 of the Swamp
 28206 | Swamp:1  | Noticed Jorgrun
 28262 | Swamp:1  | Killed Jorgrun
 28262 | Swamp:1  | Reached skill level 23 in Polearms
 28823 | Swamp:2  | Reached skill level 10 in Invocations
 29337 | Swamp:3  | Found a runed translucent door.
 29339 | Swamp:3  | Noticed Coluror's ghost (journeyman MiBe)
 29376 | Swamp:3  | Found a basalt altar of Yredelemnul.
 29421 | Swamp:3  | HP: 40/139 [spectral seven-headed hydra[a ghost crab] (3)]
 29427 | Swamp:3  | Reached XP level 17. HP: 46/146 MP: 24/24
 29560 | Swamp:3  | HP: 43/146 [swamp worm/harpoon shot (11)]
 30315 | Swamp:3  | Reached skill level 11 in Invocations
 30535 | Swamp:3  | Killed Coluror's ghost
 30770 | Snake:1  | Entered Level 1 of the Snake Pit
 31100 | Snake:1  | Identified the +7 war axe "Opnecs" {drain, rElec}
 31103 | Snake:1  | Reached skill level 24 in Polearms
 31960 | Snake:2  | Reached skill level 12 in Invocations
 33044 | Snake:3  | Found Mommagha's Antique Weapon Boutique.
 33371 | Snake:3  | Reached skill level 11 in Dodging
 33707 | Swamp:4  | Entered Level 4 of the Swamp
 34058 | Swamp:4  | Reached skill level 25 in Polearms
 34460 | Swamp:4  | Paralysed by a hornet for 2 turns
 34462 | Swamp:4  | HP: 32/146 [shambling mangrove (15)]
 34472 | Swamp:4  | HP: 14/146 [shambling mangrove (7)]
 34699 | Swamp:4  | Reached skill level 12 in Dodging
 34699 | Swamp:4  | Reached XP level 18. HP: 95/153 MP: 27/27
 35328 | Swamp:4  | Got a decaying rune of Zot
 35372 | Swamp:4  | Identified the +1 ring mail "Uhostymio" {rElec rCorr} (You
                  | found it on level 4 of the Swamp)
 35747 | Swamp:4  | Reached skill level 13 in Dodging
 36209 | Lair:1   | Got a pair of distressingly furry gloves
 36210 | Lair:1   | Identified the +0 pair of gloves of Impressiveness {Str+2}
                  | (You acquired it on level 1 of the Lair of Beasts)
 36352 | Snake:4  | Entered Level 4 of the Snake Pit
 36603 | Snake:4  | Reached skill level 26 in Polearms
 36607 | Snake:4  | Reached skill level 14 in Dodging
 36627 | Snake:4  | Reached skill level 1 in Evocations
 36693 | Snake:4  | Reached skill level 2 in Evocations
 37039 | Snake:4  | Reached skill level 3 in Evocations
 37424 | Snake:4  | Reached skill level 4 in Evocations
 37647 | Snake:4  | Reached skill level 13 in Armour
 37671 | Snake:4  | Reached skill level 15 in Dodging
 37678 | Snake:4  | Reached XP level 19. HP: 144/159 MP: 28/28
 37739 | Snake:4  | Got a serpentine rune of Zot
 38045 | Vaults:1 | Entered Level 1 of the Vaults
 38046 | Vaults:1 | Upgraded the game from 0.24-a0-48-g0ecae65 to
                  | 0.24-a0-57-gac335f2
 38164 | Vaults:1 | Reached skill level 5 in Evocations
 38908 | Vaults:1 | HP: 46/159 [deep troll[an ironheart preserver] (18)]
 38915 | Vaults:1 | HP: 25/159 [deep troll earth mage[an ironheart preserver]
                  | (1)]
 38916 | Vaults:1 | HP: 8/159 [deep troll earth mage[an ironheart preserver]
                  | (17)]
 38921 | Vaults:1 | HP: 29/159 [deep troll earth mage/blast of rock
                  | fragments[an ironheart preserver] (3)]
 38975 | Vaults:1 | HP: 30/159 [yaktaur/bolt (18)]
 39495 | Vaults:1 | Found a gateway to a bazaar.
 39507 | Bazaar   | Entered a bazaar
 39507 | Bazaar   | Found Xuasted's Antique Weapon Boutique.
 39507 | Bazaar   | Found Kyskioff's Armour Shop.
 39507 | Bazaar   | Found Xautuupp's Armour Shop.
 39584 | Vaults:1 | Reached skill level 6 in Evocations
 40485 | Vaults:2 | Reached skill level 16 in Dodging
 40652 | Vaults:2 | Reached skill level 7 in Evocations
 40723 | Vaults:2 | Found Raiqu's Assorted Antiques.
 40976 | Vaults:2 | Found a large runed translucent door.
 40978 | Vaults:2 | Noticed Awazaost's ghost (veteran MiBe)
 40978 | Vaults:2 | Noticed Vapoch's ghost (adept MiFi)
 40980 | Vaults:2 | Found a large runed translucent door.
 41267 | Vaults:2 | Reached skill level 17 in Fighting
 41430 | Vaults:2 | Noticed Sojobo
 41452 | Vaults:2 | HP: 44/161 [deep troll[an ironheart preserver] (7)]
 41904 | Vaults:2 | Reached skill level 8 in Evocations
 42033 | Vaults:2 | Found a staircase to the Crypt.
 42459 | Vaults:2 | Killed Sojobo
 42459 | Vaults:2 | Reached XP level 20. HP: 156/168 MP: 13/29
 42512 | Vaults:2 | Reached skill level 14 in Armour
 42843 | Vaults:2 | Noticed Frederick
 42851 | Vaults:2 | Killed Frederick
 43388 | Vaults:3 | Reached skill level 18 in Fighting
 44441 | Vaults:3 | HP: 50/172 [fire giant/fireball (14)]
 45073 | Vaults:3 | Reached skill level 15 in Armour
 45159 | Vaults:3 | Reached skill level 19 in Fighting
 45557 | Vaults:3 | Reached XP level 21. HP: 180/180 MP: 30/30
 45572 | Vaults:3 | Found Ciyhapn's General Store.
 45860 | Vaults:3 | Upgraded the game from 0.24-a0-57-gac335f2 to
                  | 0.24-a0-67-ga78bd38
 46132 | Vaults:4 | Noticed Margery
 46141 | Vaults:4 | Killed Margery
 46501 | Vaults:4 | Found Gaduer's Book Boutique.
 47302 | Vaults:4 | Found Geujiukh's Jewellery Emporium.
 47691 | D:12     | Got a steaming wooden ring
 47697 | D:12     | Got a crude iron ring
 47711 | D:12     | Identified the cursed ring "Wotoehop" {AC-2 Int-4 Dex+6}
                  | (You found it on level 12 of the Dungeon)
 47713 | D:12     | Identified the ring "Moinenwe" {rPois AC+5 Str+2 Int+6}
                  | (You found it on level 12 of the Dungeon)
 47881 | D:9      | Reached skill level 20 in Fighting
 47889 | D:9      | Killed confidenceinterval's ghost
 48161 | Crypt:1  | Entered Level 1 of the Crypt
 48352 | Crypt:1  | HP: 39/183 [??? (18)]
 48683 | Crypt:1  | Reached skill level 16 in Armour
 48714 | Crypt:1  | Reached skill level 3 in Throwing
 48740 | Crypt:1  | Found a large runed translucent door.
 48740 | Crypt:1  | Found a large runed translucent door.
 48742 | Crypt:1  | Noticed Nimomuku's ghost (adept GrFi)
 48747 | Crypt:1  | Noticed Saint Roka
 48774 | Crypt:1  | Killed Saint Roka
 48777 | Crypt:1  | HP: 54/183 [poisoned by Saint Roka]
 48782 | Crypt:1  | Reached skill level 4 in Throwing
 48782 | Crypt:1  | Reached skill level 13 in Invocations
 48782 | Crypt:1  | HP: 39/183 [poisoned by Saint Roka]
 49363 | Crypt:1  | Reached XP level 22. HP: 190/190 MP: 31/31
 49464 | Crypt:1  | Reached skill level 5 in Throwing
 49574 | Crypt:1  | Killed Nimomuku's ghost
 49583 | Crypt:1  | Learned a level 1 spell: Apportation
 49586 | Crypt:1  | Learned a level 2 spell: Blink
 49590 | Crypt:1  | Learned a level 3 spell: Portal Projectile
 49594 | Crypt:1  | Learned a level 3 spell: Spectral Weapon
 49807 | Crypt:2  | Reached skill level 6 in Throwing
 50243 | Crypt:3  | Entered Level 3 of the Crypt
 50309 | Crypt:3  | Reached skill level 14 in Invocations
 50332 | Crypt:3  | Reached skill level 7 in Throwing
 50617 | Crypt:3  | Reached skill level 8 in Throwing
 50811 | Crypt:3  | Found a staircase to the Tomb.
 50973 | Crypt:3  | Identified Sif Muna's Incunabulum of the Ashen Traveller
 51103 | Crypt:3  | Reached skill level 9 in Throwing
 51160 | Crypt:3  | Reached skill level 9 in Evocations
 51299 | Crypt:3  | Got a scorched platinum ring
 51299 | Crypt:3  | Got a scorched amber ring
 51304 | Crypt:3  | Identified the ring of Toaluwunk {rF+ rC- rN+ Str+10} (You
                  | found it on level 3 of the Crypt)
 51305 | Crypt:3  | Identified the ring of Megalomania {rElec rN+ MP+9 Int+4}
                  | (You found it on level 3 of the Crypt)
 51491 | Crypt:3  | Found an ancient bone altar of Kikubaaqudgha.
 51582 | Crypt:3  | Noticed an ancient lich
 51590 | Crypt:3  | Killed an ancient lich
 51590 | Crypt:3  | Reached skill level 10 in Throwing
 52159 | Orc:1    | Reached skill level 10 in Evocations
 52190 | Elf:1    | Entered Level 1 of the Elven Halls
 52597 | Elf:1    | Upgraded the game from 0.24-a0-67-ga78bd38 to
                  | 0.24-a0-70-gf44d0c5
 52605 | Elf:1    | Reached skill level 1 in Charms
 52784 | Elf:1    | Reached skill level 1 in Hexes
 53199 | Elf:1    | Reached skill level 1 in Translocations
 53202 | Elf:1    | Reached skill level 2 in Charms
 53212 | Elf:1    | Reached XP level 23. HP: 195/196 MP: 33/33
 53231 | Elf:1    | Reached skill level 2 in Hexes
 53348 | Elf:1    | Identified Sif Muna's Volume of Supportive Attacks
 53720 | Elf:2    | Noticed Roxanne
 53727 | Elf:2    | Noticed Louise
 53731 | Elf:2    | Reached skill level 3 in Charms
 53734 | Elf:2    | Reached skill level 2 in Translocations
 53755 | Elf:2    | Killed Louise
 53790 | Elf:2    | Found a runed translucent gate.
 53790 | Elf:2    | Found a runed translucent gate.
 53791 | Elf:2    | Found a runed translucent gate.
 53799 | Elf:2    | Reached skill level 3 in Hexes
 53837 | Elf:2    | Reached skill level 11 in Evocations
 54122 | Elf:2    | Reached skill level 4 in Charms
 54316 | Elf:2    | Reached skill level 3 in Translocations
 54387 | Elf:2    | Reached skill level 4 in Hexes
 54726 | Elf:2    | Reached skill level 5 in Charms
 54962 | Elf:2    | Killed Roxanne
 55258 | Elf:3    | Entered Level 3 of the Elven Halls
 55375 | Elf:3    | Found a flickering gateway to a bazaar.
 55383 | Bazaar   | Entered a bazaar
 55385 | Bazaar   | Found Cirompa's Book Boutique.
 55389 | Bazaar   | Found Mutawee Xidu's Antique Armour Boutique.
 55389 | Bazaar   | Found Essul's Food Boutique.
 55389 | Bazaar   | Found Ceremn's Antique Weapon Boutique.
 55419 | Bazaar   | Bought a pair of glowing boots for 247 gold pieces
 55701 | Elf:3    | Reached skill level 4 in Translocations
 55724 | Elf:3    | Reached skill level 5 in Hexes
 56184 | Elf:3    | Cast into level 3 of the Abyss (a deep elf sorcerer)
 56284 | Abyss:3  | Reached skill level 6 in Charms
 56538 | Abyss:4  | Got an abyssal rune of Zot
 56544 | Elf:3    | Escaped the Abyss
 56562 | Elf:3    | HP: 51/196 [acid (12)]
 56565 | Elf:3    | Reached skill level 6 in Hexes
 56568 | Elf:3    | Reached skill level 12 in Evocations
 56570 | Elf:3    | Reached skill level 5 in Translocations
 57079 | Elf:3    | Identified the +5 chain mail of Brilliance {Regen+}
 57091 | Elf:3    | Reached skill level 7 in Charms
 57404 | Elf:3    | Identified the +6 plate armour "Vokhlain" {rC+ Str+2 Dex+3
                  | Stlth+}
 57569 | Elf:3    | Identified the +7 leather armour "Cadudil" {+Fly rPois rC-
                  | Str+8}
 57627 | Elf:3    | Reached skill level 1 in Spellcasting
 57705 | Elf:3    | Identified Lee's Disquisition on Dusty Conjuration
 57710 | Elf:3    | Identified the Compendium of Supportive Feathers
 57748 | Elf:3    | Identified the Catalogue of Flamy Changing
 57788 | Elf:3    | Reached XP level 24. HP: 179/204 MP: 33/33
 58074 | Elf:3    | Identified the +7 flail "Meetorch" {crush, rF++ SInv}
 58074 | Elf:3    | Identified the cursed +0 robe "Exiuz" {Str+4 Dex+4}
 58079 | Elf:3    | Reached skill level 7 in Hexes
 58475 | Depths:1 | Entered Level 1 of the Depths
 58505 | Depths:1 | Reached skill level 2 in Spellcasting
 58588 | Depths:1 | Found a gateway to Hell.
 58651 | Depths:1 | Found a one-way gate to the infinite horrors of the Abyss.
 58717 | Depths:1 | Reached skill level 8 in Charms
 58717 | Depths:1 | Reached skill level 6 in Translocations
 58834 | Depths:1 | Reached skill level 3 in Spellcasting
 59203 | Depths:1 | Identified the Catalogue of Icy Poisoning
 59414 | Depths:2 | Found Suclud's Gadget Shoppe.
 59415 | Depths:2 | Found Dexat's Jewellery Shop.
 59415 | Depths:2 | Found Ulosenk's Jewellery Shop.
 59504 | Depths:2 | Found a gateway to a ziggurat.
 59525 | Depths:2 | Cast into level 3 of the Abyss (a lich)
 59539 | Depths:2 | Escaped the Abyss
 59643 | Depths:2 | Reached skill level 4 in Spellcasting
 60052 | Depths:2 | Reached skill level 7 in Translocations
 61036 | Depths:2 | Reached skill level 5 in Spellcasting
 61058 | Depths:2 | HP: 61/204 [hell knight/+5 broad axe of distortion (17)]
 61060 | Depths:2 | HP: 22/204 [fire dragon/blast of flame (21)]
 61675 | Depths:2 | Upgraded the game from 0.24-a0-70-gf44d0c5 to
                  | 0.24-a0-84-g25a2d9f
 62471 | Depths:3 | Reached skill level 6 in Spellcasting
 62746 | Depths:3 | Reached skill level 8 in Translocations
 62748 | Depths:3 | Identified the +10 dagger of the Tundras {vamp, Fragile
                  | +Fly Int+2}
 63867 | Depths:2 | Reached skill level 7 in Spellcasting
 64554 | Depths:2 | Reached XP level 25. HP: 170/210 MP: 33/33
 64981 | Depths:3 | Reached skill level 9 in Translocations
 65202 | Depths:3 | Found Daruam's Book Boutique.
 65265 | Depths:3 | Found a bloodstained altar of Trog.
 65334 | Depths:3 | Reached skill level 8 in Spellcasting
 65346 | Depths:3 | Got a fine lead ring
 65353 | Depths:3 | Got a pair of translucent gloves
 65354 | Depths:3 | Identified the cursed +0 pair of gloves of Runwuos {rC++
                  | Dex+5} (You found it on level 3 of the Depths)
 65355 | Depths:3 | Identified the cursed ring "Disanuteph" {-Tele rPois Str-2
                  | Int+6 Dex-5} (You found it on level 3 of the Depths)
 65694 | Depths:3 | Found a one-way gate leading to the halls of Pandemonium.
 65989 | Depths:4 | Reached skill level 17 in Armour
 65989 | Depths:4 | Reached skill level 8 in Hexes
 66223 | Depths:4 | Found Peppul's Weapon Emporium.
 66304 | Depths:4 | Found Bofuituu's Distillery.
 66327 | Depths:4 | Bought a potion of haste for 210 gold pieces
 66327 | Depths:4 | Bought 2 potions of heal wounds for 210 gold pieces
 66372 | Depths:4 | Found Dehonaumn's Magic Scroll Emporium.
 66375 | Depths:4 | Bought a scroll of teleportation for 45 gold pieces
 66375 | Depths:4 | Bought a scroll of teleportation for 45 gold pieces
 66540 | Depths:4 | Reached skill level 9 in Spellcasting
 66597 | Depths:4 | Reached skill level 9 in Hexes
 66871 | Depths:4 | Identified the +7 quarterstaff of Gatias Torph {crush, rF+}
 67000 | Depths:4 | Noticed an ancient lich
 67012 | Depths:4 | Killed an ancient lich
 67037 | Depths:4 | Reached skill level 10 in Spellcasting
 67107 | Depths:4 | Reached skill level 9 in Charms
 67612 | Depths:4 | Identified the +1 robe of the Wilderness {+Inv Dex+4}
 67679 | Depths:5 | Entered Level 5 of the Depths
 68065 | Depths:4 | Reached XP level 26. HP: 218/218 MP: 37/37
 68465 | Depths:5 | Found Jixec's Antique Armour Emporium.
 68473 | Depths:5 | Bought a pair of runed gloves for 277 gold pieces
 69020 | Depths:5 | Reached skill level 10 in Charms
 69183 | Depths:5 | Reached skill level 11 in Spellcasting
 69187 | Depths:5 | Reached skill level 10 in Hexes
 69191 | Depths:5 | Learned a level 2 spell: Swiftness
 69631 | Depths:5 | Reached skill level 18 in Armour
 69903 | Depths:5 | Found a gate to the Realm of Zot.
 69924 | Depths:5 | Identified the +5 broad axe of the Battered Deaths {chop,
                  | rElec Int+4 Dex+2 SInv} (You found it on level 5 of the
                  | Depths)
 70589 | Vaults:2 | Bought a leatherbound book for 330 gold pieces
 70631 | Vaults:2 | Killed Awazaost's ghost
 70657 | Vaults:2 | Killed Vapoch's ghost
 70886 | Vaults:5 | Entered Level 5 of the Vaults
 71498 | Vaults:5 | Reached skill level 21 in Fighting
 71527 | Vaults:5 | Noticed an ancient lich
 71534 | Vaults:5 | Killed an ancient lich
 71589 | Vaults:5 | Reached XP level 27. HP: 228/228 MP: 38/38
 71800 | Vaults:5 | Identified the Papyrus of Enchanting Combat Magic
 72218 | Vaults:5 | Upgraded the game from 0.24-a0-84-g25a2d9f to
                  | 0.24-a0-91-g4e4936a
 72224 | Vaults:5 | Learned a level 5 spell: Summon Mana Viper
 72411 | Vaults:4 | Reached skill level 1 in Summonings
 72450 | Vaults:4 | Reached skill level 2 in Summonings
 72495 | Vaults:5 | Reached skill level 3 in Summonings
 72564 | Vaults:5 | Reached skill level 4 in Summonings
 72586 | Vaults:5 | Got a silver rune of Zot
 72595 | Vaults:5 | Identified the +6 broad axe "Zurghaisch" {chaos, rPois
                  | Int+4} (You found it on level 5 of the Vaults)
 72729 | Vaults:5 | Reached skill level 5 in Summonings
 72846 | Vaults:5 | Reached skill level 6 in Summonings
 72956 | Vaults:5 | Noticed an ancient lich
 72968 | Vaults:5 | Killed an ancient lich
 72968 | Vaults:5 | Reached skill level 7 in Summonings
 73545 | Vaults:5 | Reached skill level 8 in Summonings
 73724 | Vaults:5 | Found Geas's Magic Scroll Shoppe.
 73733 | Vaults:5 | Reached skill level 9 in Summonings
 73788 | Vaults:5 | Found Jujyud's Magic Scroll Emporium.
 73788 | Vaults:5 | Found Oxoocaatwa's Magic Scroll Boutique.
 74073 | Vaults:5 | Bought a scroll of brand weapon for 300 gold pieces
 74277 | Orc:1    | Bought a book of Beasts for 770 gold pieces
 74279 | Orc:1    | Learned a level 1 spell: Summon Butterflies
 74284 | Orc:1    | Learned a level 4 spell: Summon Lightning Spire
 74500 | Slime:1  | Entered Level 1 of the Pits of Slime
 74557 | Slime:4  | Noticed Dissolution
 74563 | Slime:4  | Killed Dissolution
 74563 | Slime:4  | Reached skill level 10 in Summonings
 74563 | Slime:4  | Reached skill level 2 in Air Magic
 74583 | Slime:4  | HP: 69/230 [slime creature (5)]
 74588 | Slime:4  | HP: 44/230 [very large slime creature (4)]
 74592 | Slime:4  | HP: 21/230 [acid (7)]
 74604 | Slime:4  | HP: 41/230 [slime creature (5)]
 74609 | Slime:4  | HP: 42/230 [azure jelly (1)]
 74610 | Slime:3  | Gained mutation: You do not regenerate when monsters are
                  | visible. [a shining eye]
 74613 | Slime:3  | HP: 19/230 [slime creature (7)]
 74620 | Slime:3  | Gained mutation: Scrolls take you a little longer to read.
                  | [a shining eye]
 74621 | Slime:3  | Reached skill level 3 in Air Magic
 74633 | Slime:3  | Gained mutation: You are weak. (Str -2) [a shining eye]
 74648 | Slime:3  | HP: 15/230 [acid (5)]
 74651 | Slime:3  | HP: 3/230 [acid (6)]
 74652 | Slime:3  | Splashed with acid

Levels and vault maps discovered:
D:1:      dpeg_arrival_solitude
D:2:      old_standard_altar, chequers_temple_overflow_statue_of_worship,
          elyvilon_altar_4
D:3:      ashenzari_conservatory_becter, first_ration
D:4:      old_standard_altar, kennysheep_little_box,
          nicolae_overflow_crystal_walls, lemuel_round_altar, uniq_robin,
          uniq_edmund
D:5:      old_standard_altar, minmay_temple_entry_overgrown,
          serial_co_window_serial, co_window_of_opportunity_a,
          co_window_corner_a, co_window_of_opportunity_a, co_window_corner_a,
          co_window_paths_a, co_window_corner_a, co_window_2corner,
          co_window_2corner, co_window_2corner, glass_columns_a,
          glass_columns_c, glass_columns_a
D:6:      okawaru_ov_weapons_minmay, nicolae_tso_besieged_by_evil,
          old_standard_altar, gup_sewer_entry_bubbles, uniq_crazy_yiuf_cottage,
          uniq_duvessa
D:7:      the_bakery, kennysheep_pointless_box
D:9:      due_lair_maze_entry_diamond, gammafunk_ghost_wrathful_warriors
D:10:     lemuel_flamethrower_2, uniq_maurice
D:11:     minmay_orc_entry_guard_dogs, serial_shops, nicolae_shop_statue_plus,
          gauntlet_entry_generic
D:12:     serial_shops, shop_fountains, minmay_protected_statue
D:13:     david_vaults_4
D:14:     small_statue_intersection
D:15:     grunt_enter_depths_snipers, nicolae_trove_entry_path_of_doom,
          serial_bayou_pond_b, serial_shops, shop
Temple:   dpeg_chambers_temple
Lair:1:   ebering_ghost_xom
Lair:2:   cheibrodos_lair_river_kwai, nicolae_volcano_entry_s_turn
Lair:3:   minmay_swamp_entry_worms, guppyfry_snake_entry_island,
          lemuel_centaur_altar
Lair:4:   grunt_megastairs_2
Lair:5:   infiniplex_staircase_pool, uniq_kirke, uniq_josephine, uniq_snorg
Lair:6:   hangedman_lair_caniforms_friends, minmay_slime_entry_oklob_open,
          lemuel_altar_in_water2
Swamp:1:  nicolae_swamp_trees_clearing, uniq_jorgrun
Swamp:2:  evilmike_swamp_ruin_wall
Swamp:3:  ebering_ghost_inner_flame, hangedman_swamp_lotus, grunt_ruined_hall
Swamp:4:  grunt_swamp_rune_castle, infiniplex_staircase_pool_2
Snake:2:  lemuel_fruit_tree
Snake:3:  serial_shops, shop, serial_bayou_shore_a
Snake:4:  snake_pit, serial_bayou_pond_b
Slime:1:  layout_caves
Slime:2:  layout_caves
Slime:3:  layout_caves, nicolae_slime_phagocytosis
Slime:4:  layout_caves, dissolution_awaits
Orc:1:    gammafunk_ghost_fury_of_okawaru, portal_ice_cave_rime, serial_shops,
          shop, uniq_urug
Orc:2:    grunt_orc_cross
Elf:1:    minmay_elf_arrival_summoners, kennysheep_underground_church,
          minmay_elf_sorcery
Elf:2:    layout_onion_city, sword_in_stone, uniq_roxanne
Elf:3:    grunt_elf_hall_spiral, layout_gridlike, serial_shops,
          bzr_entry_customers
Vaults:1: nicolae_vaults_sealed_display, vaults_room_door_hall,
          ontoclasm_vaults_ring_large, vaults_mumra_hexcomb,
          vaults_room_hallway, nicolae_vaults_little_squares_4,
          vaults_mumra_chevron, nicolae_vaults_what_the_h, v_pattern_3,
          grunt_vaults_funnel, serial_shops, statue_bzr
Vaults:2: advil_vaults_ghost_guards, vaults_room_pool,
          vaults_standard_mumra_lines, minmay_crypt_entry_simple_plaza,
          nicolae_vaults_little_ls, nicolae_vaults_border_crossing,
          nicolae_vaults_asterisk, serial_shops, shop_statue, uniq_frederick,
          uniq_sojobo
Vaults:3: hangedman_vaults_snaps, vaults_room_grunt_arrival_ludios,
          vaults_dpeg_hooks, vaults_room_semicircle,
          nicolae_vaults_windows_and_doors_thing, vaults_room_grid,
          st_more_cells, vaults_dpeg_doors, nicolae_vaults_mini_display_case,
          vaults_mumra_lcd, v_alt_pattern_5, dpeg_vaults_monster_row, v_misc_14,
          vaults_room_door_ring, nicolae_vaults_ring_of_whatevers, serial_shops,
          shop_statue
Vaults:4: nicolae_vaults_specimen_jars, nicolae_vaults_little_squares_6,
          nicolae_vaults_yaktaur_gun_rack, v_misc_22,
          nicolae_vaults_circle_grid_b, v_alt_pattern_6,
          ontoclasm_vaults_gateway, hangedman_vaults_variations,
          ontoclasm_vaults_decontamination, hangedman_vaults_restitches,
          nicolae_vaults_little_squares_6, v_misc_1,
          vaults_room_mumra_shop_pool, serial_shops, nicolae_shop_trees,
          uniq_margery
Vaults:5
Crypt:1:  ebering_ghost_disaster_area, uniq_saint_roka
Crypt:3:  quadcrypt_mu
Depths:1: layout_cave_shapes, abyss_entry, grunt_hell_entry_dis_old,
          serial_bayou_pond_a, hangedman_decor_peaks_small,
          nicolae_lava_and_water, laboratory
Depths:2: kennysheep_windowed_halls, layout_basic, enter_ziggurat_c,
          chequers_hall_statues_wall_a, hangedman_coc_ice_floe,
          minmay_shop_grove, serial_bayou_shore_b, kennysheep_random_hallway
Depths:3: minmay_the_grid_triangle_9x9_recursive_2
          [minmay_the_grid_triangle_9x9_prize_schism,
          minmay_the_grid_triangle_9x9_thin_v,
          minmay_the_grid_triangle_9x9_corrupted_corridor,
          minmay_the_grid_triangle_9x9_alien], layout_cave_pools,
          rand_demon_pan_entry_1, hell_entry, lemuel_statue_altar, serial_shops,
          shop, minislime_mu, infiniplex_staircase_pool_lava
Depths:4: minmay_tile_spiral, layout_cave_pools, serial_shops, shop,
          kennysheep_mini, shop, abyss_entry_crystal, rand_demon_pan_entry_5,
          hell_entry, serial_bayou_shore_b, minmay_staircase_statues,
          serial_bayou_shore_b
Depths:5: evilmike_zot_entry_gauntlet, layout_basic, hell_entry, pan_entry,
          serial_shops, shop

Skill      XL: |  1  2  3  4  5  6  7  8  9 10 11 12 13 14 15 16 17 18 19 20 21 22 23 24 25 26 27 |
---------------+----------------------------------------------------------------------------------+-----
Polearms       | 5 6 7 8 9 10 11 13 15 16 18 20 22 23 25 26 | 26.0
Armour         | 1 2 4 6 8 10 11 12 13 15 16 17 18 | 18.8
Fighting       | 8 10 11 14 16 17 19 20 21 | 21.7
Dodging        | 10 12 15 16 | 16.0
Invocations    | 1 7 10 12 13 14 | 14.0
Evocations     | 4 8 10 12 | 12.0
Throwing       | 4 10 | 10.0
Charms         | 2 7 8 9 10 | 10.0
Hexes          | 1 6 7 9 10 | 10.0
Translocations | 1 5 8 9 |  9.0
Spellcasting   | 1 7 10 11 | 11.0
Summonings     | 10 | 10.5
Air Magic      | 3 |  3.1

Action                   |  1- 3 |  4- 6 |  7- 9 | 10-12 | 13-15 | 16-18 | 19-21 | 22-24 | 25-27 || total
-------------------------+-------+-------+-------+-------+-------+-------+-------+-------+-------++-------
Melee: Trident           |    43 |       |       |    18 |    62 |    74 |       |       |       ||   197
       Halberd           |    42 |   163 |   383 |    79 |       |       |       |       |       ||   667
       Tailslap          |       |       |     3 |     2 |       |    13 |       |       |       ||    18
       Glaive            |       |       |       |   459 |  1423 |       |       |       |       ||  1882
       Bardiche          |       |       |       |       |   163 |  1213 |  1305 |  1649 |  1387 ||  5717
Throw: Stone             |     1 |       |     1 |       |       |       |       |       |       ||     2
       Tomahawk          |       |     1 |     8 |    24 |     8 |       |     6 |       |       ||    47
       Throwing net      |       |     3 |     2 |       |       |       |       |       |       ||     5
       Javelin           |       |       |       |       |     2 |       |       |       |       ||     2
 Cast: Apportation       |       |       |       |       |       |       |       |     2 |     1 ||     3
       Blink             |       |       |       |       |       |       |       |     2 |     6 ||     8
       Spectral Weapon   |       |       |       |       |       |       |       |     2 |       ||     2
Invok: Divine Shield     |       |       |       |       |     1 |       |       |       |       ||     1
       Summon Divine War |       |       |       |       |       |     3 |     4 |     1 |     4 ||    12
Evoke: Wand              |       |       |     4 |     1 |     7 |     1 |     4 |       |       ||    17
  Use: Scroll            |       |     9 |    10 |    10 |    14 |    10 |     8 |     5 |     7 ||    73
       Potion            |       |       |       |     4 |     5 |     1 |     2 |     2 |     1 ||    15
  Eat: Chunk             |     1 |     7 |    16 |    15 |    39 |    30 |    30 |    39 |    29 ||   206
       Ration            |       |       |       |     1 |     1 |     2 |     3 |     3 |     2 ||    12
Armor: Leather armour    |     7 |       |       |       |       |       |       |       |       ||     7
       Ring mail         |    21 |    17 |       |       |       |       |       |       |       ||    38
       Chain mail        |       |    45 |   111 |       |       |       |       |       |       ||   156
       Plate armour      |       |       |    44 |   324 |   922 |   729 |   530 |   661 |   721 ||  3931
Dodge: Dodged            |    68 |    97 |   115 |   228 |   958 |   878 |   660 |   738 |   813 ||  4555
Block: Other             |       |       |       |       |     1 |       |       |       |       ||     1

Table legend:
 A = Non-vault XP
 B = Vault XP
 C = Vault XP percentage of total XP
 D = Non-vault monster count
 E = Vault monster count
 F = Vault count percentage of total count
                 A         B        C        D         E       F
            +---------+---------+-------+---------+---------+-------
      Total |  664251 |  723984 |  52.2 |    1489 |     874 |  37.0
            +---------+---------+-------+---------+---------+-------
        D:1 |      45 |       0 |   0.0 |      21 |       0 |   0.0
        D:2 |      49 |       0 |   0.0 |      15 |       0 |   0.0
        D:3 |     288 |     206 |  41.7 |      31 |      13 |  29.5
        D:4 |     391 |       2 |   0.5 |      19 |       1 |   5.0
        D:5 |    1193 |       0 |   0.0 |      33 |       0 |   0.0
        D:6 |     508 |     313 |  38.1 |      10 |      22 |  68.8
        D:7 |     547 |     211 |  27.8 |      10 |       1 |   9.1
        D:8 |     492 |       0 |   0.0 |      14 |       0 |   0.0
        D:9 |    1246 |    4583 |  78.6 |      18 |      15 |  45.5
       D:10 |    3380 |     449 |  11.7 |      23 |       1 |   4.2
       D:11 |    4903 |     682 |  12.2 |      36 |       4 |  10.0
       D:12 |    7221 |    1632 |  18.4 |      33 |      27 |  45.0
       D:13 |   12482 |    2761 |  18.1 |      48 |       4 |   7.7
       D:14 |   16814 |       0 |   0.0 |      52 |       0 |   0.0
       D:15 |   10856 |    2911 |  21.1 |      28 |       5 |  15.2
     Lair:1 |    2554 |    1979 |  43.7 |      12 |       2 |  14.3
     Lair:2 |    3274 |    2262 |  40.9 |      13 |       6 |  31.6
     Lair:3 |    8231 |    1108 |  11.9 |      25 |       8 |  24.2
     Lair:4 |    9239 |      90 |   1.0 |      26 |       1 |   3.7
     Lair:5 |    3834 |    5439 |  58.7 |      15 |       9 |  37.5
     Lair:6 |    9424 |   11980 |  56.0 |      43 |      59 |  57.8
    Swamp:1 |    9562 |    3023 |  24.0 |      26 |       1 |   3.7
    Swamp:2 |    7038 |       0 |   0.0 |      25 |       0 |   0.0
    Swamp:3 |   11536 |    7568 |  39.6 |      38 |      14 |  26.9
    Swamp:4 |   17323 |   17789 |  50.7 |      42 |      33 |  44.0
    Snake:1 |   14317 |       0 |   0.0 |      27 |       0 |   0.0
    Snake:2 |    7643 |       0 |   0.0 |      18 |       0 |   0.0
    Snake:3 |   14951 |       0 |   0.0 |      24 |       0 |   0.0
    Snake:4 |   14936 |   38220 |  71.9 |      29 |      52 |  64.2
    Slime:2 |    1319 |       0 |   0.0 |       4 |       0 |   0.0
    Slime:3 |    5308 |       0 |   0.0 |      15 |       0 |   0.0
    Slime:4 |    3166 |   14261 |  81.8 |       5 |       1 |  16.7
      Orc:1 |     895 |    9418 |  91.3 |      21 |      11 |  34.4
      Orc:2 |    2226 |    8439 |  79.1 |      25 |      36 |  59.0
      Elf:1 |   11616 |   13628 |  54.0 |      21 |      21 |  50.0
      Elf:2 |   16793 |   32015 |  65.6 |      29 |      37 |  56.1
      Elf:3 |   13177 |   37955 |  74.2 |      24 |      25 |  51.0
   Vaults:1 |   16722 |   12701 |  43.2 |      25 |      19 |  43.2
   Vaults:2 |   41469 |   45178 |  52.1 |      68 |      29 |  29.9
   Vaults:3 |   31203 |   39640 |  56.0 |      57 |      47 |  45.2
   Vaults:4 |   35869 |   48343 |  57.4 |      70 |      54 |  43.5
   Vaults:5 |   28068 |  106680 |  79.2 |      37 |      62 |  62.6
    Crypt:1 |   39806 |    9906 |  19.9 |      59 |      16 |  21.3
    Crypt:2 |   14118 |       0 |   0.0 |      27 |       0 |   0.0
    Crypt:3 |       0 |   69642 | 100.0 |       0 |      81 | 100.0
   Depths:1 |   23376 |    3570 |  13.2 |      22 |      14 |  38.9
   Depths:2 |   46733 |   42437 |  47.6 |      72 |      38 |  34.5
   Depths:3 |   22582 |   22312 |  49.7 |      48 |      19 |  28.4
   Depths:4 |   62261 |   61075 |  49.5 |      52 |      24 |  31.6
   Depths:5 |   44276 |   22060 |  33.3 |      41 |      20 |  32.8
    Abyss:3 |    5077 |       0 |   0.0 |       4 |       0 |   0.0
    Abyss:4 |    3914 |   11047 |  73.8 |       9 |      11 |  55.0
      Sewer |       0 |     241 | 100.0 |       0 |       6 | 100.0
      IceCv |       0 |    2676 | 100.0 |       0 |      10 | 100.0
    Volcano |       0 |    3085 | 100.0 |       0 |       7 | 100.0
   Gauntlet |       0 |    4467 | 100.0 |       0 |       8 | 100.0
            +---------+---------+-------+---------+---------+-------

Table legend:
 A = Turns spent in this place as a percentage of turns spent in the entire game.
 B = Non-inter-level travel turns spent in this place as a percentage of non-inter-level travel turns spent in the entire game.
 C = Inter-level travel turns spent in this place as a percentage of turns spent in this place.
 D = Turns resting spent in this place as a percentage of non-inter-level travel turns spent in this place.
 E = Turns spent auto-exploring this place as a percentage of non-inter-level travel turns spent in this place.
 F = Non-inter-level travel turns spent in this place divided by the number of levels of this place that you've seen.
                   A       B       C       D       E      F
               +-------+-------+-------+-------+-------+----------------------
         Total | 100.0 | 100.0 |   8.3 |  30.5 |  32.3 | 1122.4
       Dungeon |  21.7 |  20.2 |  14.4 |  19.0 |  46.9 | 923.7
        Temple |   0.3 |   0.3 |   8.3 |   0.0 |  98.6 | 220.0
          Lair |  13.8 |  13.3 |  11.4 |  31.8 |  31.6 | 1519.7
         Swamp |   6.8 |   7.1 |   4.3 |  36.3 |  35.2 | 1216.2
     Snake Pit |   5.7 |   5.8 |   6.7 |  19.0 |  45.4 | 996.5
    Slime Pits |   0.2 |   0.2 |   0.7 |   0.0 |   0.0 |  37.8
  Orcish Mines |   3.9 |   3.9 |   9.4 |  26.8 |  26.4 | 1333.0
   Elven Halls |   7.3 |   7.3 |   8.3 |  31.8 |  22.1 | 1669.0
        Vaults |  16.7 |  17.0 |   6.4 |  35.2 |  24.3 | 2329.8
         Crypt |   4.9 |   5.1 |   4.7 |  17.5 |  37.7 | 1167.7
        Depths |  15.7 |  16.5 |   3.9 |  45.0 |  25.6 | 2253.2
         Abyss |   0.5 |   0.5 |   0.0 |   9.6 |  36.4 | 124.7
        Bazaar |   0.1 |   0.1 |   0.0 |   0.0 |   0.0 |  36.5
         Sewer |   0.2 |   0.2 |   0.0 |   0.0 |   0.0 | 123.0
      Ice Cave |   0.4 |   0.4 |   0.0 |  53.3 |   0.0 | 270.0
       Volcano |   0.6 |   0.6 |   0.0 |  50.2 |   0.0 | 424.0
      Gauntlet |   1.2 |   1.3 |   0.0 |  39.0 |   2.5 | 913.0
               +-------+-------+-------+-------+-------+----------------------

Levels and vault maps discovered:
D:1:      dpeg_arrival_solitude
D:2:      old_standard_altar, chequers_temple_overflow_statue_of_worship,
          elyvilon_altar_4
D:3:      ashenzari_conservatory_becter, first_ration
D:4:      old_standard_altar, kennysheep_little_box,
          nicolae_overflow_crystal_walls, lemuel_round_altar, uniq_robin,
          uniq_edmund
D:5:      old_standard_altar, minmay_temple_entry_overgrown,
          serial_co_window_serial, co_window_of_opportunity_a,
          co_window_corner_a, co_window_of_opportunity_a, co_window_corner_a,
          co_window_paths_a, co_window_corner_a, co_window_2corner,
          co_window_2corner, co_window_2corner, glass_columns_a,
          glass_columns_c, glass_columns_a
D:6:      okawaru_ov_weapons_minmay, nicolae_tso_besieged_by_evil,
          old_standard_altar, gup_sewer_entry_bubbles, uniq_crazy_yiuf_cottage,
          uniq_duvessa
D:7:      the_bakery, kennysheep_pointless_box
D:9:      due_lair_maze_entry_diamond, gammafunk_ghost_wrathful_warriors
D:10:     lemuel_flamethrower_2, uniq_maurice
D:11:     minmay_orc_entry_guard_dogs, serial_shops, nicolae_shop_statue_plus,
          gauntlet_entry_generic
D:12:     serial_shops, shop_fountains, minmay_protected_statue
D:13:     david_vaults_4
D:14:     small_statue_intersection
D:15:     grunt_enter_depths_snipers, nicolae_trove_entry_path_of_doom,
          serial_bayou_pond_b, serial_shops, shop
Temple:   dpeg_chambers_temple
Lair:1:   ebering_ghost_xom
Lair:2:   cheibrodos_lair_river_kwai, nicolae_volcano_entry_s_turn
Lair:3:   minmay_swamp_entry_worms, guppyfry_snake_entry_island,
          lemuel_centaur_altar
Lair:4:   grunt_megastairs_2
Lair:5:   infiniplex_staircase_pool, uniq_kirke, uniq_josephine, uniq_snorg
Lair:6:   hangedman_lair_caniforms_friends, minmay_slime_entry_oklob_open,
          lemuel_altar_in_water2
Swamp:1:  nicolae_swamp_trees_clearing, uniq_jorgrun
Swamp:2:  evilmike_swamp_ruin_wall
Swamp:3:  ebering_ghost_inner_flame, hangedman_swamp_lotus, grunt_ruined_hall
Swamp:4:  grunt_swamp_rune_castle, infiniplex_staircase_pool_2
Snake:2:  lemuel_fruit_tree
Snake:3:  serial_shops, shop, serial_bayou_shore_a
Snake:4:  snake_pit, serial_bayou_pond_b
Slime:1:  layout_caves
Slime:2:  layout_caves
Slime:3:  layout_caves, nicolae_slime_phagocytosis
Slime:4:  layout_caves, dissolution_awaits
Orc:1:    gammafunk_ghost_fury_of_okawaru, portal_ice_cave_rime, serial_shops,
          shop, uniq_urug
Orc:2:    grunt_orc_cross
Elf:1:    minmay_elf_arrival_summoners, kennysheep_underground_church,
          minmay_elf_sorcery
Elf:2:    layout_onion_city, sword_in_stone, uniq_roxanne
Elf:3:    grunt_elf_hall_spiral, layout_gridlike, serial_shops,
          bzr_entry_customers
Vaults:1: nicolae_vaults_sealed_display, vaults_room_door_hall,
          ontoclasm_vaults_ring_large, vaults_mumra_hexcomb,
          vaults_room_hallway, nicolae_vaults_little_squares_4,
          vaults_mumra_chevron, nicolae_vaults_what_the_h, v_pattern_3,
          grunt_vaults_funnel, serial_shops, statue_bzr
Vaults:2: advil_vaults_ghost_guards, vaults_room_pool,
          vaults_standard_mumra_lines, minmay_crypt_entry_simple_plaza,
          nicolae_vaults_little_ls, nicolae_vaults_border_crossing,
          nicolae_vaults_asterisk, serial_shops, shop_statue, uniq_frederick,
          uniq_sojobo
Vaults:3: hangedman_vaults_snaps, vaults_room_grunt_arrival_ludios,
          vaults_dpeg_hooks, vaults_room_semicircle,
          nicolae_vaults_windows_and_doors_thing, vaults_room_grid,
          st_more_cells, vaults_dpeg_doors, nicolae_vaults_mini_display_case,
          vaults_mumra_lcd, v_alt_pattern_5, dpeg_vaults_monster_row, v_misc_14,
          vaults_room_door_ring, nicolae_vaults_ring_of_whatevers, serial_shops,
          shop_statue
Vaults:4: nicolae_vaults_specimen_jars, nicolae_vaults_little_squares_6,
          nicolae_vaults_yaktaur_gun_rack, v_misc_22,
          nicolae_vaults_circle_grid_b, v_alt_pattern_6,
          ontoclasm_vaults_gateway, hangedman_vaults_variations,
          ontoclasm_vaults_decontamination, hangedman_vaults_restitches,
          nicolae_vaults_little_squares_6, v_misc_1,
          vaults_room_mumra_shop_pool, serial_shops, nicolae_shop_trees,
          uniq_margery
Vaults:5
Crypt:1:  ebering_ghost_disaster_area, uniq_saint_roka
Crypt:3:  quadcrypt_mu
Depths:1: layout_cave_shapes, abyss_entry, grunt_hell_entry_dis_old,
          serial_bayou_pond_a, hangedman_decor_peaks_small,
          nicolae_lava_and_water, laboratory
Depths:2: kennysheep_windowed_halls, layout_basic, enter_ziggurat_c,
          chequers_hall_statues_wall_a, hangedman_coc_ice_floe,
          minmay_shop_grove, serial_bayou_shore_b, kennysheep_random_hallway
Depths:3: minmay_the_grid_triangle_9x9_recursive_2
          [minmay_the_grid_triangle_9x9_prize_schism,
          minmay_the_grid_triangle_9x9_thin_v,
          minmay_the_grid_triangle_9x9_corrupted_corridor,
          minmay_the_grid_triangle_9x9_alien], layout_cave_pools,
          rand_demon_pan_entry_1, hell_entry, lemuel_statue_altar, serial_shops,
          shop, minislime_mu, infiniplex_staircase_pool_lava
Depths:4: minmay_tile_spiral, layout_cave_pools, serial_shops, shop,
          kennysheep_mini, shop, abyss_entry_crystal, rand_demon_pan_entry_5,
          hell_entry, serial_bayou_shore_b, minmay_staircase_statues,
          serial_bayou_shore_b
Depths:5: evilmike_zot_entry_gauntlet, layout_basic, hell_entry, pan_entry,
          serial_shops, shop
